 Dungeon Crawl Stone Soup version 0.25.1-2-g60ff931df9 (console) character file.

Game seed: 13459983016273682797

79 Colgate the Charmwright (level 4, -1/29 HPs)
             Began as a Halfling Skald on Aug 2, 2020.
             Slain by a goblin
             ... wielding a cursed -1 dagger
             ... led by Robin
              (4 damage)
             ... on level 3 of the Dungeon.
             The game lasted 00:20:31 (2266 turns).

Colgate the Charmwright (Halfling Skald)            Turns: 2266, Time: 00:20:32

Health: -1/29      AC:  3    Str: 12    XL:     4   Next: 62%
Magic:  4/6        EV: 15    Int: 12    God:
Gold:   44         SH:  0    Dex: 13    Spells: 1/6 levels left

rFire    . . .     SeeInvis .   a - +0 short sword
rCold    . . .     Gourm    .   (shield restricted)
rNeg     . . .     Faith    .   q - +0 robe
rPois    .         Spirit   .   (no helmet)
rElec    .         Reflect  .   (no cloak)
rCorr    .         Harm     .   n - +0 pair of gloves (curse)
MR       .....                  (no boots)
Stlth    +.........             (no amulet)
HPRegen  0.09/turn              (no ring)
MPRegen  0.10/turn              (no ring)

@: singing
A: small, mutation resistance 1
a: no special abilities


You were on level 3 of the Dungeon.
You were not hungry.

You visited 1 branch of the dungeon, and saw 3 of its levels.

You collected 44 gold pieces.

Inventory:

Hand Weapons
 a - a +0 short sword (weapon)
Missiles
 m - 4 poisoned darts (quivered)
 o - 2 stones
 p - 16 arrows
Armour
 b - a +0 leather armour
 n - a cursed +0 pair of gloves (worn)
 q - a +0 robe (worn)
 w - a cursed +0 pair of gloves
Wands
 r - a wand of flame (13)
Scrolls
 h - 4 scrolls of remove curse {unknown}
 i - 3 scrolls of identify {unknown}
 j - a scroll of enchant weapon {unknown}
 t - a scroll of magic mapping {unknown}
Potions
 c - 2 potions of brilliance {unknown}
 e - a potion of might {unknown}
 g - 3 potions of curing {unknown}
 k - a potion of stabbing {unknown}
 l - a potion of berserk rage {unknown}
 s - a potion of lignification {unknown}
 u - a potion of degeneration {unknown}
 v - a potion of haste {unknown}
Comestibles
 d - 2 rations
 f - 2 chunks of flesh


   Skills:
 - Level 1.7 Fighting
 - Level 2.4 Short Blades
 + Level 1.8 Throwing
 - Level 1.1 Armour
 - Level 2.1 Dodging
 - Level 1.5 Spellcasting
 - Level 5.0 Charms


You had one spell level left.
You knew the following spells:

 Your Spells              Type           Power        Failure   Level  Hunger
a - Infusion              Chrm           ##..         3%          1    ##.....
b - Song of Slaying       Chrm           ##......     5%          2    ###....
c - Shroud of Golubria    Chrm/Tloc      #.....       16%         2    ###....

Your spell library contained the following spells:

 Spells                   Type           Power        Failure   Level  Hunger
 Ozocubu's Armour         Chrm/Ice       #.......     30%         3    ####...
 Spectral Weapon          Hex/Chrm       #.......     30%         3    ####...


Dungeon Overview and Level Annotations

Branches:
Dungeon (3/15)

Altars:

Annotations:
D:3 Robin


Innate Abilities, Weirdness & Mutations

You are small and have problems with some larger weapons.
You are somewhat resistant to further mutation.


Message History

The goblin closely misses you. The hobgoblin hits you with a +0 club.
The goblin barely misses you. The goblin hits you with a +0 club.
* * * LOW HITPOINT WARNING * * *
You puncture the goblin!
You kill the goblin!
The dart slug bites you.
* * * LOW HITPOINT WARNING * * *
Robin throws the goblin at you! The goblin misses you.
The orc wizard mumbles some strange words.
The orc wizard seems to speed up.
The hobgoblin barely misses you. The goblin barely misses you.
Robin hits you with a +0 dagger.
* * * LOW HITPOINT WARNING * * *
The dart slug bites you.
* * * LOW HITPOINT WARNING * * *
The hobgoblin barely misses you.
You hit Robin.
Robin is lightly wounded.
The goblin no longer looks unusually strong.
Robin misses you.
The goblin hits you with a cursed -1 dagger.
You die...

#..... ...
#.#
###..... ..
#.#######
#####
#........
#........
#.#######
#........
#..######
#..# # #..#
#####.##g.#
#####
#.....Sg@.#
....#
#.###.gw#g#
....####
###o#g#
.........
#.#o#
....#####
#o#K# ....#
#.#(# ..###
#.#(# ..#
#.#.# .รท#
..# ..#


You could see Robin, an orc wizard (fast), an adder, a dart slug, 2 orcs, 2
hobgoblins, 2 goblins and a kobold.

Vanquished Creatures
  An adder (D:3)
  2 worms (D:2)
  4 dart slugs
  A ball python (D:3)
  4 giant cockroaches
  12 goblins
  4 hobgoblins
  A quokka (D:2)
  8 bats
  5 frilled lizards
  6 kobolds
  7 rats
55 creatures vanquished.

Notes
Turn   | Place    | Note
-------+----------+-------------------------------------------
     0 | D:1      | Colgate the Halfling Skald began the quest for the Orb.
     0 | D:1      | Reached XP level 1. HP: 14/14 MP: 3/3
   129 | D:1      | Reached XP level 2. HP: 15/19 MP: 0/4
   137 | D:1      | Reached skill level 4 in Charms
   141 | D:1      | Learned a level 2 spell: Song of Slaying
   619 | D:1      | Reached XP level 3. HP: 19/24 MP: 1/5
  1474 | D:2      | Reached skill level 5 in Charms
  1550 | D:2      | Reached XP level 4. HP: 29/29 MP: 1/6
  1824 | D:2      | Reached skill level 1 in Throwing
  1867 | D:2      | Learned a level 2 spell: Shroud of Golubria
  2249 | D:3      | Noticed Robin
  2266 | D:3      | Slain by a goblin

Illustrated notes

Levels and vault maps discovered:
D:1:      eino_arrival_water_cross, layout_basic, minmay_tetromino_o2
D:2:      layout_loops_ring
D:3:      layout_loops_ring, uniq_robin

Skill      XL: |  1  2  3  4 |
---------------+-------------+-----
Charms         | 4 5 |  5.0
Throwing       | 1 |  1.8
Fighting       | |  1.7
Short Blades   | |  2.4
Armour         | |  1.1
Dodging        | |  2.1
Spellcasting   | |  1.5

Action                   |  1- 3 |  4- 6 || total
-------------------------+-------+-------++-------
Melee: Short sword       |    86 |    27 ||   113
Throw: Stone             |    23 |       ||    23
       Dart              |    31 |    39 ||    70
 Cast: Infusion          |    14 |       ||    14
       Song of Slaying   |     3 |     2 ||     5
       Shroud of Golubri |       |     1 ||     1
 Stab: Sleeping          |     1 |       ||     1
  Eat: Chunk             |     3 |     2 ||     5
Armor: Leather armour    |    22 |     4 ||    26
       Robe              |       |     3 ||     3
Dodge: Dodged            |    43 |    39 ||    82
